 Dungeon Crawl Stone Soup version 0.23-a0-516-g0f8c245 (webtiles) character file.

90 zishaf the Cudgeler (level 4, -3/45 HPs)
             Began as a Troll Monk on Dec 6, 2018.
             Slain by a hobgoblin
             ... wielding a cursed +0 hand axe
              (8 damage)
             ... on level 3 of the Dungeon.
             The game lasted 00:03:32 (1636 turns).

zishaf the Cudgeler (Troll Monk)                    Turns: 1636, Time: 00:03:33

Health: -3/45      AC:  5    Str: 19    XL:     4   Next: 32%
Magic:  3/3        EV: 11    Int:  6    God:
Gold:   106        SH:  0    Dex: 13    Spells: 3/3 levels left

rFire    . . .     SeeInvis .   a - +0 mace
rCold    . . .     Gourm    +   (no shield)
rNeg     . . .     Faith    .   b - +0 robe
rPois    .         Spirit   .   (helmet restricted)
rElec    .         Reflect  .   (no cloak)
rCorr    .         Harm     .   (gloves unavailable)
MR       .....                  (boots unavailable)
Stlth    ++........             (no amulet)
HPRegen  0.55/turn              (no ring)
MPRegen  0.08/turn              (no ring)

@: no status effects
A: large, unfitting armour, claws 3, fast metabolism 3, gourmand, regeneration
1, shaggy fur 1, tough skin 2
a: no special abilities


You were on level 3 of the Dungeon.
You were completely stuffed.

You visited 1 branch of the dungeon, and saw 3 of its levels.

You collected 106 gold pieces.

Inventory:

Hand Weapons
 a - a +0 mace (weapon)
Missiles
 i - 128 stones (quivered)
Armour
 b - a +0 robe (worn)
Wands
 s - a wand of random effects (20)
Scrolls
 e - 5 scrolls of identify {unknown}
 g - 2 scrolls of magic mapping {unknown}
 l - a scroll of fear {unknown}
 n - a scroll of blinking {unknown}
 o - 2 scrolls of remove curse {unknown}
 p - a scroll of teleportation {unknown}
 q - a scroll of enchant armour {unknown}
Potions
 d - a potion of curing {unknown}
 f - 3 potions of flight {unknown}
 h - a potion of heal wounds {unknown}
 j - a potion of haste {unknown}
 k - a potion of degeneration {unknown}
 m - a potion of brilliance {unknown}
 r - a potion of cancellation {unknown}
Comestibles
 c - 6 rations
 t - a chunk of flesh


   Skills:
 + Level 3.1 Fighting
 + Level 3.4 Maces & Flails
 + Level 0.5 Throwing
 + Level 3.1 Dodging
 - Level 1.0 Stealth


You had 3 spell levels left.
You didn't know any spells.
Your spell library was empty.

Dungeon Overview and Level Annotations

Branches:
Dungeon (3/15)

Altars:
Qazlal
Sif Muna
Xom


Innate Abilities, Weirdness & Mutations

You are too large for most types of armour.
You have claws for hands.
Your metabolism is lightning-fast.
You like to eat raw meat.
Your natural rate of healing is unusually fast.
You are covered in fur. (AC +1)
You have very tough skin. (AC +2)


Message History

The hobgoblin hits you but does no damage.
The orc hits you with a +0 hand axe!
You hit the orc wizard but do no damage.
The hobgoblin hits you with a cursed +0 hand axe.
The orc wizard hits you with a +0 dagger.
The orc barely misses you. The orc wizard misses you. The hobgoblin misses you.
You closely miss the orc wizard. The orc hits you with a +0 hand axe.
The orc wizard points at you and mumbles some strange words.
The magic dart hits you!
The hobgoblin hits you with a cursed +0 hand axe.
* * * LOW HITPOINT WARNING * * *
You sock the orc wizard!
The orc wizard is heavily wounded.
The orc hits you with a +0 hand axe!
* * * LOW HITPOINT WARNING * * *
The orc wizard casts a spell.
The orc wizard seems to speed up.
The hobgoblin hits you but does no damage.
The hobgoblin hits you with a cursed +0 hand axe!
You die...

... .. ### .. #.. .
#?#.# ##.#.##### #
#..)...... # #. #oo#
..#.######@g# #
#...........#.#####
..#.........#......
.....?............
#........8...8...
...........#...#.
#.........###.## .
.......>...#...#...#
#........8.).8...8..


You could see an orc wizard, an orc and a hobgoblin.

Vanquished Creatures
  An adder (D:2)
  2 worms (D:2)
  4 dart slugs
  2 leopard geckos
  2 orcs (D:3)
  3 ball pythons (D:1)
  2 giant cockroaches (D:1)
  7 goblins
  12 hobgoblins
  4 jackals (D:1)
  A quokka (D:3)
  4 bats
  A frilled lizard (D:3)
  6 kobolds
  6 rats
57 creatures vanquished.

Notes
Turn   | Place    | Note
-------+----------+-------------------------------------------
     0 | D:1      | zishaf the Troll Monk began the quest for the Orb.
     0 | D:1      | Reached XP level 1. HP: 22/22 MP: 0/0
    67 | D:1      | Reached XP level 2. HP: 21/29 MP: 1/1
   332 | D:1      | Reached XP level 3. HP: 36/36 MP: 2/2
  1193 | D:2      | Reached XP level 4. HP: 36/45 MP: 3/3
  1230 | D:2      | Found a stormy altar of Qazlal.
  1453 | D:2      | Found a deep blue altar of Sif Muna.
  1492 | D:3      | Found a shimmering altar of Xom.
  1636 | D:3      | Slain by a hobgoblin

Vault maps used:
D:1:      dpeg_arrival_lava_altar, hangedman_decor_points, minivault_14
D:2:      led_sif_pool, grunt_qazlal_sundering
D:3:      xom_butterflies, first_ration, minmay_misc_feat_four_crosses,
          grunt_decor_one_mirror, hangedman_decor_clover_reticule

Skill      XL: |  1  2  3 |
---------------+----------+-----
Maces & Flails | 3 |  3.4
Fighting       | 3 |  3.1
Dodging        | 3 |  3.1
Throwing       | |  0.5
Stealth        | |  1.0

Action                   |  1- 3 |  4- 6 || total
-------------------------+-------+-------++-------
Melee: Mace              |   156 |    37 ||   193
 Stab: Sleeping          |     3 |     1 ||     4
  Eat: Chunk             |    17 |     4 ||    21
Armor: Robe              |    56 |    12 ||    68
Dodge: Dodged            |    87 |    23 ||   110

Table legend:
 A = Non-vault XP
 B = Vault XP
 C = Vault XP percentage of total XP
 D = Non-vault monster count
 E = Vault monster count
 F = Vault count percentage of total count
                 A         B        C        D         E       F
            +---------+---------+-------+---------+---------+-------
      Total |     129 |       0 |   0.0 |      57 |       0 |   0.0
            +---------+---------+-------+---------+---------+-------
        D:1 |      66 |       0 |   0.0 |      35 |       0 |   0.0
        D:2 |      47 |       0 |   0.0 |      14 |       0 |   0.0
        D:3 |      16 |       0 |   0.0 |       8 |       0 |   0.0
            +---------+---------+-------+---------+---------+-------
